[Event "*** Titled Tuesday 3|2 Blitz"]
[Site "Chess.com"]
[Date "2015.08.04"]
[Round "4"]
[White "drifblim"]
[Black "Colombiano07"]
[Result "0-1"]
[WhiteElo "2047"]
[BlackElo "1981"]
[TimeControl "180+2"]
[EndTime "12:21:56 PDT"]
[Termination "Colombiano07 won on time"]

1. e4 d5 2. exd5 Qxd5 3. Nc3 Qa5 4. Nf3 Nf6 5. Bc4 Bf5 6. O-O e6 7. d3 c6 8. Bd2 Nbd7 9. h3 Qc7 10. Re1 Be7 11. Bb3 O-O 12. Nd4 Bg6 13. Nxe6 fxe6 14. Rxe6 Bf7 15. Rxe7 Bxb3 16. axb3 Qd6 17. Qe2 a6 18.
Re1 Rae8 19. Qe6+ Qxe6 20. R1xe6 Nc5 21. Rxe8 Nxe8 22. Re7 Nd6 23. Be3 b6 24. Bxc5 bxc5 25. Ne4 Nf5 26. Re5 Nd4 27. Rxc5 Rc8 28. Rc4 Ne6 29.
Nc5 Nc7 30. Nb7 Ne6 31. Nc5 Nc7 32. Ra4 Re8 33. Nxa6 Re1+ 34. Kh2 Nd5 35. Nb4 Nf6 36. Nxc6 Re2 37. Rc4 Rxf2 38. Nd4 h5 39. Nf3 Nd5 40. b4 Ne3 41. Rc8+ Kh7 42. Ng5+ Kg6 43. h4 Rxg2+ 44. Kh1 Rg4 45. Rc6+ Kf5 46. Rc5+ Kf4 47. Ne4 Kf3 48. Rxh5 Nxc2 49. Rf5+ Ke3 50. h5 Nxb4 51. Rg5 Rh4+ 52.
Kg2 Nxd3 53. Ng3 Nf4+ 54. Kg1 Kf3 55. Rxg7 Rh3 56. h6 Rxh6 57. Nf5 Ne2+ 0-1

[Event "*** Titled Tuesday 3|2 Blitz"]
[Site "Chess.com"]
[Date "2015.08.04"]
[Round "4"]
[White "MinhGTrAn"]
[Black "ViktoriaGloriam"]
[Result "0-1"]
[WhiteElo "2477"]
[BlackElo "2185"]
[TimeControl "180+2"]
[EndTime "12:21:57 PDT"]
[Termination "ViktoriaGloriam won by resignation"]

1. b3 d5 2. Bb2 Nc6 3. Nf3 Nf6 4. e3 Bg4 5. Bb5 e6 6. h3 Bxf3 7. Qxf3 Bd6 8. O-O a6 9. Bxc6+ bxc6 10. d4 g5 11. Nd2 h5 12. e4 Bf4 13. exd5 Qxd5 14. Rad1 Qxf3 15. Nxf3 g4 16. Nh4 Bg5 17. g3 Bxh4 18.
gxh4 Nd5 19. Kh2 O-O-O 20. c4 Nf4 21. d5 Rhg8 22. dxc6 gxh3 23. Bf6 Rg2+ 24. Kh1 Rdg8 25. Rd2 h2 26. Bg5 Rg1+ 27. Rxg1 hxg1=Q+ 28. Kxg1 f6 29. Kf1 fxg5 30. hxg5 Rxg5 31. Rd7 Kb8 32. b4 a5 33. a3 axb4 34. axb4 h4 35. Rf7 h3 36. Rh7 Rg4 37. f3 Rg3 38. Kf2 Rg2+ 39. Ke3 e5 40. Ke4 h2 41. Kxe5 Nd3+ 42. Kd4 Nf2 43. Rh8+ Ka7 44. Kc5 h1=Q 45. Rxh1 Nxh1 0-1

[Event "*** Titled Tuesday 3|2 Blitz"]
[Site "Chess.com"]
[Date "2015.08.04"]
[Round "4"]
[White "SenseiJulio"]
[Black "arnacman"]
[Result "1-0"]
[WhiteElo "2460"]
[BlackElo "2235"]
[TimeControl "180+2"]
[EndTime "12:22:03 PDT"]
[Termination "SenseiJulio won by resignation"]

1. Nf3 d5 2. d4 Nf6 3. c4 c6 4. g3 a6 5. Bg2 dxc4 6. Ne5 e6 7. Nxc4 c5 8. O-O cxd4 9. e3 Nc6 10. exd4 Bd7 11.
Ne5 Be7 12. Nc3 O-O 13. Bf4 Rc8 14. Nxd7 Qxd7 15. d5 exd5 16. Nxd5 Nxd5 17. Qxd5 Qxd5 18. Bxd5 Bf6 19. Rad1 Bxb2 20. Rb1 Bf6 21. Rxb7 Nd4 22. Bd6 Rfd8 23. Bxf7+ Kh8 24. Ba3 Nb5 25. Be7 Nd6 26. Bxd8 Nxb7 27. Bxf6 gxf6 28. Rd1 Rc7 29. Bb3 Nc5 30. Rd6 Kg7 31. Bc4 Ne4 32. Rd4 Ng5 33. Kg2 a5 34. h4 Nf7 35. Bxf7 Kxf7 36. Rd5 a4 37. Rd4 a3 38. Rd3 Ra7 39. g4 h5 40.
f3 Kg6 41. Kg3 Ra6 42. Rd5 hxg4 43. Kxg4 Rc6 44. Rd3 Rc4+ 45. f4 f5+ 46. Kf3 Ra4 47.
Rd6+ Kh5 48. Rd8 Rc4 49. Rh8+ Kg6 50. h5+ Kg7 51. Re8 Rc3+ 52. Re3 Rc2 53. Rxa3 Rh2 54.
Ra7+ Kf8 55. Rh7 Kg8 56. Ra7 Rxh5 57. a4 Kf8 58. a5 Kg8 59. a6 Rh3+ 60. Ke2 Ra3 61.
Kd2 Ra4 62. Kc3 Rxf4 63. Rb7 Ra4 64. a7 f4 65. Kd3 Ra3+ 66. Ke4 f3 67. Rb8+ Kg7 68.
a8=Q Rxa8 69. Rxa8 f2 70. Ra1 1-0

[Event "*** Titled Tuesday 3|2 Blitz"]
[Site "Chess.com"]
[Date "2015.08.04"]
[Round "4"]
[White "Beca95"]
[Black "dretch"]
[Result "1-0"]
[WhiteElo "2567"]
[BlackElo "2479"]
[TimeControl "180+2"]
[EndTime "12:22:09 PDT"]
[Termination "Beca95 won by resignation"]

1. d4 d5 2. c4 c6 3. Nf3 Nf6 4. g3 dxc4 5. Nc3 Nbd7 6. a4 a5 7. Bg2 e6 8. O-O Be7 9. e4 O-O 10. Qe2 Nb6 11. Bf4 Ne8 12. Rad1 Nd6 13. Ne5 Bd7 14.
h4 Be8 15. Bh3 Kh8 16. d5 exd5 17. exd5 c5 18. Rfe1 Bf6 19. Qc2 Ra6 20. Re2 Bd7 21. Nxd7 Nxd7 22. Nb5 Nxb5 23. axb5 Rb6 24. Qxc4 Bd4 25.
d6 Nf6 26. Rxd4 cxd4 27. d7 Re6 28. Bxe6 fxe6 29. Qxd4 Nd5 30. Rxe6 Qxd7 31. Rd6 Nxf4 32. Rxd7 Ne2+ 33. Kg2 Nxd4 34. Rxd4 Kg8 35. Rd7 Rc8 36. Rxb7 Rc2 37. Ra7 Rxb2 38. Rxa5 Rb3 39. Ra8+ Kf7 40. Rb8 h5 41. b6 Kg6 42. Kf1 Rb2 43. Ke1 Kf7 44. b7 Kg6 45. Kd1 Kh7 46. Kc1 Rb6 47. f3 Rb5 48. g4 Kg6 49. gxh5+ Kh7 50. f4 Rb3 51. f5 Rb6 52. h6 gxh6 53. f6 Rc6+ 54.
Kd2 Rc7 55. Ke3 Rd7 56. Ke4 h5 57. Ke5 Rc7 58. Kd6 Rf7 59. Ke6 Rc7 60. Re8 Rc6+ 61. Kd5 Rxf6 62. b8=Q 1-0

[Event "*** Titled Tuesday 3|2 Blitz"]
[Site "Chess.com"]
[Date "2015.08.04"]
[Round "4"]
[White "Dlugy"]
[Black "BIG_Pirate"]
[Result "1-0"]
[WhiteElo "2542"]
[BlackElo "2257"]
[TimeControl "180+2"]
[EndTime "12:22:10 PDT"]
[Termination "Dlugy won by resignation"]

1. d4 d5 2. c4 c6 3. Nf3 Nf6 4.
Qc2 e6 5. g3 Nbd7 6. Bg2 Bd6 7.
O-O O-O 8. Nbd2 Qe7 9. b3 e5 10. cxd5 Nxd5 11. Nc4 Nb4 12. Qb1 exd4 13. Nxd4 Bc7 14.
Nf5 Qe6 15. Bb2 Nf6 16. e4 b5 17. Nce3 Be5 18. a3 Bxb2 19. Qxb2 Na6 20. Nd4 Qe8 21. Rfe1 Ng4 22. Nef5 Ne5 23. Rad1 g6 24. Nd6 Qe7 25.
Nxc8 Raxc8 26. f4 Ng4 27. e5 Rfd8 28. h3 Nh6 29. Kh2 Nb8 30. b4 Rd7 31. e6 fxe6 32. Rxe6 Qf7 33. Rde1 Nf5 34. Nxc6 Nxc6 35. Bxc6 Rdd8 36.
Bg2 Rf8 37. Qe5 Rcd8 38. g4 Nh4 39. Re7 Qxf4+ 40. Qxf4 Rxf4 41. R1e2 Nxg2 42. Kxg2 Rf7 43. Rxf7 Kxf7 44. Re5 Rd3 45. Rxb5 Rxa3 46. Rb7+ Kf6 47.
Rxh7 Rb3 48. Rb7 a5 49. Rb6+ Kg7 50. bxa5 Ra3 51. a6 Kh6 52. h4 Kg7 53. g5 Kf7 54.
Kf2 Kg7 55. Rb7+ Kf8 56. a7 1-0

[Event "*** Titled Tuesday 3|2 Blitz"]
[Site "Chess.com"]
[Date "2015.08.04"]
[Round "4"]
[White "DeviatkinAndrey"]
[Black "Zlatan56"]
[Result "0-1"]
[WhiteElo "2551"]
[BlackElo "2460"]
[TimeControl "180+2"]
[EndTime "12:22:19 PDT"]
[Termination "Zlatan56 won by resignation"]

1. d4 Nf6 2. Nf3 g6 3. Bg5 Bg7 4. e3 O-O 5. h3 c5 6. c3 Qb6 7. Qb3 d6 8. Nbd2 Be6 9. Bc4 Bxc4 10. Nxc4 Qa6 11. O-O Nbd7 12. a4 Rac8 13. Rfc1 h6 14.
Bxf6 Nxf6 15. Qb5 Qc6 16. Qxc6 Rxc6 17. Na5 Rc7 18. dxc5 dxc5 19. Nc4 Rd8 20. Rd1 Rcd7 21. Rxd7 Rxd7 22. Kf1 Ne4 23. Ke2 Kf8 24. Nfd2 Nxd2 25.
Nxd2 Ke8 26. a5 Be5 27. f4 Bc7 28. Ne4 Bd6 29. g4 f5 30. Nd2 Kf7 31. Nc4 Bc7 32. Ra3 Ke6 33. Ra1 Kd5 34. b3 Ke6 35. Rg1 Kf7 36.
gxf5 gxf5 37. h4 Rd8 38. h5 Rg8 39. Rxg8 Kxg8 40. e4 Bxf4 41. Kf3 Bc7 42. exf5 Kf7 43. b4 cxb4 44. cxb4 Kf6 45. Kg4 a6 46. Ne3 Bd6 47.
Nd5+ Ke5 48. Nf4 Ke4 49. Ne2 Bxb4 50. f6 exf6 51. Ng3+ Ke5 52. Nf5 Bd2 53. Ne7 Bxa5 54. Kf3 f5 55. Ng6+ Kd4 56. Kf4 Bd2+ 57. Kxf5 a5 58. Ne5 a4 59. Nf3+ Kc3 0-1

[Event "*** Titled Tuesday 3|2 Blitz"]
[Site "Chess.com"]
[Date "2015.08.04"]
[Round "4"]
[White "yurisolo"]
[Black "Gergo85"]
[Result "1-0"]
[WhiteElo "2404"]
[BlackElo "2319"]
[TimeControl "180+2"]
[EndTime "12:22:22 PDT"]
[Termination "yurisolo won by resignation"]

1. e4 d5 2. exd5 Qxd5 3. Nc3 Qd6 4. d4 g6 5. Nf3 Bg7 6. Nb5 Qb6 7. Na3 c6 8. Nc4 Qd8 9. a4 Nf6 10. a5 O-O 11. Be2 Be6 12. O-O Nbd7 13. Re1 Bd5 14. Ne3 Bxf3 15. Bxf3 e5 16. a6 e4 17.
axb7 Rb8 18. Be2 Rxb7 19. Nc4 Nb6 20. Na5 Rc7 21. Bf4 Rc8 22. Ba6 Nh5 23. Nb7 Qxd4 24. Bd6 Rfe8 25. c3 Qxd1 26. Raxd1 Nf6 27. Bc5 Bf8 28.
Nd6 Bxd6 29. Rxd6 Rc7 30. Rxf6 Nd7 31. Bd6 Nxf6 32. Bxc7 Nd5 33. Bd6 f5 34. Bc5 Kf7 35. g3 Ke6 36. Bc4 Rb8 37. b4 Ke5 38. Bxa7 Ra8 39.
Bd4+ Kd6 40. Bxd5 Kxd5 41. Re2 Kc4 42. Kg2 Ra1 43. f3 exf3+ 44. Kxf3 g5 45. Re5 h5 46. Rxf5 Rf1+ 47. Bf2 Kxc3 48. Kg2 Rd1 49. Rc5+ Kxb4 50. Rxc6 Rd5 51. h3 g4 52. hxg4 hxg4 53. Rg6 Kc4 54. Rxg4+ Kd3 55. Rd4+ Rxd4 56. Bxd4 Kxd4 57. Kf3 Ke5 58. Kg4 Kf6 59. Kh5 Kf5 60. g4+ Kf6 61. Kh6 Kf7 62. g5 Kf8 63. Kh7 1-0

[Event "*** Titled Tuesday 3|2 Blitz"]
[Site "Chess.com"]
[Date "2015.08.04"]
[Round "4"]
[White "Bab3s"]
[Black "Haridaskesavan"]
[Result "1-0"]
[WhiteElo "2119"]
[BlackElo "2017"]
[TimeControl "180+2"]
[EndTime "12:22:50 PDT"]
[Termination "Bab3s won by resignation"]

1. e4 e5 2. Nf3 Nc6 3. d4 exd4 4. Bc4 Nf6 5. e5 d5 6. Bb5 Nd7 7. O-O Be7 8. Re1 O-O 9. Bxc6 bxc6 10. Nxd4 Nb8 11. f4 c5 12. Nf3 f6 13. c4 d4 14.
Nbd2 fxe5 15. fxe5 Bb7 16. Ne4 Nd7 17. Qd3 Re8 18. Bg5 h6 19. Bd2 Nf8 20. Rf1 Qd7 21.
Rae1 Qg4 22. h3 Qg6 23. Nf2 Qxd3 24. Nxd3 Rab8 25. b3 Ng6 26. Bc1 a5 27. Ba3 a4 28.
Bxc5 axb3 29. axb3 Bxf3 30. Rxf3 Rxb3 31. Bxd4 Bh4 32.
Ref1 Rd8 33. Nf4 Rxf3 34. Rxf3 Rxd4 35. Nxg6 Bg5 36. h4 Kh7 37. h5 Rd8 38. Rf7 c5 39. e6 Re8 40. e7 Rg8 41. Rf8 Bxe7 42. Rxg8 Kxg8 43. Nxe7+ Kf7 44. Nd5 Ke6 45. g4 Ke5 46.
Kf2 Kd4 47. Nb6 Ke4 48. Kg3 Ke3 49. Kh4 Kf4 50. Nd5+ Ke5 51. g5 Kd4 52. Nb6 Ke5 53.
gxh6 gxh6 54. Kg4 Ke4 55. Nd7 Kd4 56. Kf5 Kxc4 57. Kg6 Kd5 58. Nxc5 Kxc5 59. Kxh6 1-0

[Event "*** Titled Tuesday 3|2 Blitz"]
[Site "Chess.com"]
[Date "2015.08.04"]
[Round "4"]
[White "ER404"]
[Black "geeeeri"]
[Result "1/2-1/2"]
[WhiteElo "2031"]
[BlackElo "2196"]
[TimeControl "180+2"]
[EndTime "12:22:57 PDT"]
[Termination "Game drawn by repetition"]

1. d4 Nf6 2. Bg5 d6 3. Bxf6 exf6 4. e3 g6 5. g3 Bg7 6. Bg2 O-O 7. Ne2 d5 8. O-O f5 9. b3 c6 10. c4 dxc4 11. bxc4 Be6 12. Qd3 Nd7 13. Nd2 Qa5 14. Rab1 Rab8 15. Nb3 Qc7 16. Rfc1 Rfd8 17. d5 Ne5 18. Qd2 Qe7 19. Nf4 Bd7 20. d6 Qf6 21. c5 Be6 22. Nd4 g5 23. Nfxe6 fxe6 24. f4 gxf4 25.
gxf4 Ng4 26. h3 Nxe3 27. Nxc6 Nxg2 28. Nxb8 Nh4 29. Qf2 Qh6 30. c6 Bd4 31. Qxd4 Nf3+ 32. Kg2 Nxd4 33. c7 Rf8 34. c8=Q Qg6+ 35. Kf2 Nc6 36. Nxc6 Qf6 37. Ne7+ Kf7 38. Qd7 Qd4+ 39. Kf1 Kf6 40. Nd5+ Qxd5 41. Qe7+ Kg6 42. Qxf8 Qf3+ 43.
Ke1 Qe3+ 44. Kd1 Qd3+ 45. Ke1 Qe3+ 46. Kf1 Qf3+ 47. Kg1 Qg3+ 48. Kh1 Qxh3+ 49. Kg1 Qg3+ 50. Kf1 Qf3+ 51. Kg1 Qg3+ 52. Kh1 Qh3+ 53. Kg1 Qg3+ 54. Kf1 Qf3+ 55. Ke1 Qe3+ 56. Kd1 Qd3+ 57. Ke1 Qe3+ 58.
Kf1 Qf3+ 59. Kg1 Qg3+ 1/2-1/2

[Event "*** Titled Tuesday 3|2 Blitz"]
[Site "Chess.com"]
[Date "2015.08.04"]
[Round "4"]
[White "Cruel_Yaro"]
[Black "dabee"]
[Result "1-0"]
[WhiteElo "2509"]
[BlackElo "2445"]
[TimeControl "180+2"]
[EndTime "12:22:59 PDT"]
[Termination "Cruel_Yaro won by checkmate"]

1. d4 c5 2. d5 e5 3. e4 d6 4.
g3 Be7 5. h4 Nf6 6. Nc3 O-O 7.
a4 Nbd7 8. Bh3 c4 9. Be3 a6 10. Nf3 Qa5 11. Nd2 Qb4 12. Qb1 Nc5 13. Bxc8 Rfxc8 14. O-O Ng4 15. Bxc5 Qxc5 16. a5 Bd8 17. Qd1 h5 18. Ra4 Bxa5 19. Rxc4 Qa7 20. Ncb1 Bxd2 21. Nxd2 b5 22. Rxc8+ Rxc8 23. c3 a5 24. Qe2 b4 25.
cxb4 axb4 26. Nc4 Qc5 27. b3 g6 28. Kg2 Ra8 29. f3 Nf6 30. Qf2 Qc7 31. Qd2 Qc5 32.
Qf2 Qc7 33. Rc1 Nd7 34. Qd2 Nc5 35. Qc2 Qd7 36. Nxe5 dxe5 37. Qxc5 Ra2+ 38. Rc2 Rxc2+ 39. Qxc2 Qb5 40. Qd2 Kf8 41. f4 exf4 42. gxf4 Ke7 43. Qe3 Kd7 44. Qa7+ Ke8 45. Qe3 Kd7 46. Kf2 Qa5 47.
Qd3 Qa2+ 48. Ke3 Qa7+ 49. Qd4 Qa3 50. Qc4 Qa7+ 51. Kd3 Qf2 52. Qc6+ Ke7 53. Qc7+ Kf8 54. Qd6+ Kg8 55. Kc4 Qd2 56. Qb8+ Kh7 57. Qe5 Kg8 58.
d6 Kf8 59. Qh8# 1-0

[Event "*** Titled Tuesday 3|2 Blitz"]
[Site "Chess.com"]
[Date "2015.08.04"]
[Round "4"]
[White "talaicito"]
[Black "eugeniusjr"]
[Result "1-0"]
[WhiteElo "2048"]
[BlackElo "1955"]
[TimeControl "180+2"]
[EndTime "12:23:02 PDT"]
[Termination "talaicito won by resignation"]

1. e4 c5 2. Nf3 g6 3. c3 Bg7 4. d4 cxd4 5. cxd4 d5 6. exd5 Nf6 7. Nc3 Nxd5 8. Bc4 Nb6 9. Bb3 O-O 10. O-O Nc6 11.
d5 Na5 12. Be3 Bg4 13. h3 Bxf3 14. Qxf3 Nxb3 15. axb3 Bxc3 16. bxc3 Qxd5 17. Qf4 Qxb3 18. Bd4 Nd5 19. Qh6 f6 20. Rfb1 Qc4 21. Rxb7 Qc6 22. Raxa7 Rxa7 23. Rxa7 Rb8 24. h4 Ra8 25. Rxa8+ Qxa8 26. c4 Qa4 27. Qc1 Nc7 28. h5 g5 29. Bb6 Ne6 30. h6 Kf7 31. Qb1 Kg8 32. c5 Qc6 33.
Qb3 Kf7 34. Qd3 Kg8 35. Qc4 Kf7 36. Qd3 Kg8 37. g3 g4 38. Qc4 Kf7 39. Qxg4 Ng5 40.
Qc4+ Kg6 41. Qd3+ Kxh6 42. f4 Nf7 43. Qe3 Qd7 44. Kf2 Kg7 45. Ba5 e5 46. Bc3 exf4 47.
Qxf4 Qe6 48. g4 h6 49. Bd4 Ng5 50. Qc7+ Kg6 51. Qf4 Ne4+ 52. Kf3 Ng5+ 53. Kg3 Qc6 54. Qf5+ Kg7 55. Be3 Qc7+ 56. Bf4 Qc6 57. Qd3 Ne4+ 58.
Kh4 Ng5 59. Qe3 Qh1+ 60. Kg3 Qh3+ 61. Kf2 Qxe3+ 62. Kxe3 Kf7 63. c6 Ke6 64. c7 Kd7 65. Kd4 Ne6+ 66. Ke4 Nxc7 67. Bxc7 Kxc7 68. Kf5 Kd7 69.
Kxf6 Ke8 70. Kg6 Kf8 71. Kxh6 Kg8 72. Kg6 Kf8 73. Kh7 Kf7 74. g5 Ke6 75. g6 1-0

[Event "*** Titled Tuesday 3|2 Blitz"]
[Site "Chess.com"]
[Date "2015.08.04"]
[Round "4"]
[White "facu57"]
[Black "VSERGUEI"]
[Result "1-0"]
[WhiteElo "2412"]
[BlackElo "2552"]
[TimeControl "180+2"]
[EndTime "12:23:49 PDT"]
[Termination "facu57 won by checkmate"]

1. e4 e6 2. d3 d5 3. Nd2 Nf6 4. g3 dxe4 5. dxe4 b6 6. Bg2 Bb7 7. Ne2 Nc6 8. O-O Qd7 9. Nc4 O-O-O 10. Bf4 Nb4 11. c3 Nd3 12. Qc2 Nxe4 13. Rad1 Qb5 14.
Rxd3 Qxc4 15. Rxd8+ Kxd8 16. b3 Qc6 17. Rd1+ Kc8 18.
Nd4 Qd5 19. Re1 f5 20. f3 Nf6 21. Nxe6 Bd6 22. c4 Qa5 23. Bd2 Bb4 24. Bxb4 Qxb4 25. Rd1 Kb8 26. Qxf5 Bc8 27. f4 Re8 28. Nd4 Re1+ 29.
Kf2 Bxf5 30. Nc6+ Kc8 31. Nxa7+ Kb8 32. Nc6+ Ka8 33. Nxb4+ Re4 34. h3 c5 35. Nd5 Bxh3 36. Nxf6 Bxg2 37. Nxe4 Bxe4 38. Rd7 g5 39. Ke3 Bb1 40.
Rd2 gxf4+ 41. gxf4 Kb7 42. Rb2 Bf5 43. b4 cxb4 44.
Rxb4 Kc6 45. Rb5 Bg6 46. Rg5 Bb1 47. a3 Ba2 48. Kd4 Bb1 49. Rh5 Bg6 50. Rh6 Kc7 51. Ke5 Bd3 52. f5 Bxc4 53. Rxh7+ Kd8 54. Rb7 b5 55. f6 Ke8 56. Kd6 Kf8 57. Rc7 Bf1 58. Ke6 Bc4+ 59. Ke5 Bf1 60. Kd4 Be2 61. Kc5 Bf1 62. Rb7 Be2 63. Rxb5 Kf7 64. Rb6 Bd1 65. Kb4 Be2 66. a4 Bf1 67. a5 Be2 68. Kc5 Bf3 69.
a6 Bg2 70. a7 Bf3 71. Kd6 Kxf6 72. Kc7+ Ke7 73. Rb7 Bxb7 74. Kxb7 Kd6 75. a8=Q Kc5 76. Qa6 Kb4 77. Qh6 Ka5 78. Kc6 Kb4 79. Kd5 Kc3 80. Ke4 Kb4 81. Qc6 Kb3 82. Kd3 Kb4 83. Qc4+ Ka3 84.
Qb5 Ka2 85. Kc2 Ka3 86. Qa5# 1-0

[Event "*** Titled Tuesday 3|2 Blitz"]
[Site "Chess.com"]
[Date "2015.08.04"]
[Round "4"]
[White "NMJeevanK"]
[Black "josiwales"]
[Result "1/2-1/2"]
[WhiteElo "2077"]
[BlackElo "2061"]
[TimeControl "180+2"]
[EndTime "12:24:34 PDT"]
[Termination "Game drawn by stalemate"]

1. e4 c5 2. Nf3 Nc6 3. d4 cxd4 4.
Nxd4 g6 5. Nc3 Bg7 6. Be3 Nf6 7. Bc4 O-O 8. Bb3 d6 9. h3 Bd7 10. O-O Na5 11. Kh1 Nxb3 12. axb3 a6 13. f4 b5 14. b4 Bc8 15. e5 dxe5 16. fxe5 Nh5 17. Qf3 Rb8 18.
Nc6 Qc7 19. Nxb8 Qxb8 20. Nd5 Bb7 21. Nxe7+ Kh8 22. Qg4 Qxe5 23. Bc5 Ng3+ 24. Kg1 Ne2+ 25. Kh1 f5 26. Qh4 Ng3+ 27. Kg1 Ne2+ 28. Kf2 Rf6 29. Rae1 Qf4+ 30. Qxf4 Nxf4 31. g3 Nxh3+ 32. Ke2 Be4 33. c3 Ng5 34. Nc8 Rc6 35. Nd6 Be5 36. Rd1 Bxg3 37.
Rg1 Bxd6 38. Rxd6 Rxd6 39. Bxd6 Ne6 40. Ra1 Kg8 41. Rxa6 Bd5 42. Be5 Kf7 43. Ra7+ Ke8 44. Rxh7 Bc4+ 45. Ke3 g5 46. Bf6 g4 47. Rh5 f4+ 48. Kf2 Kf7 49. Be5 g3+ 50. Kg1 Kg6 51. Rh8 Kf5 52. Bd6 Ke4 53. Rh4 Kf3 54. Bc5 Ng5 55. Rh8 Kg4 56. Rg8 f3 57. Rf8 Nh3+ 58. Kh1 f2 59. Bxf2 gxf2 60. Kg2 f1=Q+ 61. Rxf1 Bxf1+ 62. Kxf1 Kf4 63. Ke2 Ke4 64. Kd2 Nf4 65. b3 Kd5 66. Ke3 Ne6 67. Kd3 Nf4+ 68. Ke3 Ne6 69. Kd3 Ke5 70. c4 bxc4+ 71. bxc4 Kd6 72. Ke4 Kc6 73.
Ke5 Nc7 74. Kd4 Kb6 75. Ke5 Kc6 76. Kd4 Nb5+ 77. Kd3 Nd6 78. c5 Nb7 79. Kc4 Nxc5 80. bxc5 Kc7 81. Kd5 Kd7 82. c6+ Kc7 83. Kc5 Kc8 84.
Kb5 Kc7 85. Kc5 Kc8 86. Kd6 Kd8 87. c7+ Kc8 88. Kc6 1/2-1/2

[Event "*** Titled Tuesday 3|2 Blitz"]
[Site "Chess.com"]
[Date "2015.08.04"]
[Round "4"]
[White "pKiLz5Rn9b"]
[Black "stepanosinovsky"]
[Result "1-0"]
[WhiteElo "2401"]
[BlackElo "2259"]
[TimeControl "180+2"]
[EndTime "12:24:47 PDT"]
[Termination "pKiLz5Rn9b won by resignation"]

1. e4 e5 2. Nf3 Nc6 3. Bc4 Nf6 4. d3 Be7 5. O-O d5 6. exd5 Nxd5 7. Re1 Bg4 8. h3 Bh5 9. Nbd2 O-O 10. Ne4 f6 11. Nc3 Bf7 12. Nxd5 Bxd5 13. Bxd5+ Qxd5 14. Qe2 Rad8 15. Be3 Bc5 16. a3 Nd4 17. Bxd4 Bxd4 18. Nxd4 Qxd4 19.
Rab1 a5 20. Qe3 b6 21. Qxd4 Rxd4 22. Kf1 Rfd8 23. f3 c5 24. Ke2 Kf7 25. b3 R8d6 26. a4 h5 27. Red1 h4 28. Rd2 g5 29. Re1 Kg6 30.
Kd1 Rd8 31. Rde2 Kf5 32. Kc1 R8d7 33. Kd2 Kf4 34. Rf2 Kg3 35. Ke2 R7d6 36. Kf1 Kf4 37.
Rfe2 R6d5 38. Kf2 Rd6 39. Re4+ Kf5 40. Ke3 Rd7 41. Kd2 R7d6 42. Kc3 Ke6 43. Rxd4 Rxd4 44. Re4 Kd5 45. Kd2 f5 46. Re3 Ke6 47. Re1 Kf6 48. Ke3 Rb4 49. Rd1 Ke6 50. Rb1 Rd4 51. c3 Rf4 52.
Rd1 Kd5 53. Rd2 Ke6 54. Rd1 Kd5 55. Rg1 Ke6 56. Rd1 Kd5 57. Re1 Ke6 58. Rg1 Kf6 59. Rd1 g4 60. hxg4 fxg4 61. fxg4 Rxg4 62. Rf1+ Kg5 63.
Rf8 Rg3+ 64. Ke4 Kh6 65. Rh8+ Kg7 66. Rxh4 Rxg2 67. Kxe5 Rb2 68. b4 cxb4 69. cxb4 axb4 70. Kd5 Rb1 71. Kc6 b3 72. Rb4 Kf6 73. Kxb6 Ke6 74. a5 Kd6 75. a6 b2 76. a7 Ra1 77. Rxb2 Kd5 78. Rb5+ Kd6 79. Ra5 Rb1+ 80. Ka6 Kc7 81.
a8=Q Rb6+ 82. Ka7 Rd6 83. Rc5+ Kd7 84. Qc8+ Ke7 85. Re5+ Kf7 86. Qe8+ Kf6 87. Qe7+ 1-0

[Event "*** Titled Tuesday 3|2 Blitz"]
[Site "Chess.com"]
[Date "2015.08.04"]
[Round "4"]
[White "Lying-Ted"]
[Black "silverback96"]
[Result "1/2-1/2"]
[WhiteElo "2003"]
[BlackElo "1885"]
[TimeControl "180+2"]
[EndTime "12:26:18 PDT"]
[Termination "Game drawn by repetition"]

1. e4 e6 2. d4 d5 3. Nd2 Nf6 4. e5 Nfd7 5. Bd3 c5 6. c3 Nc6 7.
Ne2 cxd4 8. cxd4 f6 9. exf6 Nxf6 10. O-O Bd6 11. Nf3 O-O 12. Bf4 Bxf4 13. Nxf4 Ne4 14. Qc1 Ng5 15. Nxg5 Qxg5 16. Ne2 Qxc1 17. Raxc1 Bd7 18. Bb5 a6 19. Bxc6 Bxc6 20. Rfe1 Kf7 21. Nf4 Rfe8 22. Nd3 Rac8 23. Re2 Bb5 24. Ne5+ Kf6 25.
Rec2 Rxc2 26. Rxc2 Bc6 27. f3 Re7 28. Nxc6 bxc6 29.
Rxc6 Rb7 30. b3 a5 31. Kf2 a4 32. Rc3 axb3 33. axb3 Rb4 34. Ke3 e5 35. dxe5+ Kxe5 36. f4+ Rxf4 37. Rc8 Rb4 38. Re8+ Kd6 39. Rd8+ Ke6 40.
Re8+ Kd6 41. Rd8+ Ke6 42. Re8+ Kd7 43. Rg8 Rxb3+ 44. Kd4 Ke6 45. Rxg7 Rb4+ 46. Kd3 Rh4 47. h3 h5 48. Rg5 Kd6 49. Kc3 Kc5 50. Kd3 Ra4 51.
Rxh5 Ra3+ 52. Ke2 Ra2+ 53. Kf3 Kc4 54. g4 d4 55. Rh8 Ra3+ 56. Ke2 Ra2+ 57. Kf3 Ra3+ 58.
Kf4 d3 59. Rc8+ Kd4 60. g5 d2 61. Rd8+ Kc3 62. g6 Ra4+ 63. Ke3 Ra6 64. g7 Rg6 65.
Rc8+ Kb4 66. Kxd2 Rxg7 67. Rh8 Kc5 68. Ke3 Kd6 69. Kf4 Ke7 70. Rh5 Kf7 71. h4 Kg8 72. Ra5 Kh7 73. h5 Kh6 74. Rb5 Rf7+ 75. Kg4 Rg7+ 76.
Kh4 Rc7 77. Rb6+ Kh7 78. Kg5 Rc5+ 79. Kg4 Rc4+ 80. Kg5 Rc5+ 81. Kf6 Rxh5 82. Rb7+ Kh8 83. Rb8+ Kh7 84. Rb7+ Kh6 85. Rb8 Kh7 86. Rb7+ 1/2-1/2

[Event "*** Titled Tuesday 3|2 Blitz"]
[Site "Chess.com"]
[Date "2015.08.04"]
[Round "5"]
[White "Viaje"]
[Black "Lying-Ted"]
[Result "0-1"]
[WhiteElo "2188"]
[BlackElo "2015"]
[TimeControl "180+2"]
[EndTime "12:29:12 PDT"]
[Termination "Lying-Ted won by resignation"]

1. d4 d5 2. c4 e6 3. Nc3 Be7 4. cxd5 exd5 5. Bf4 c6 6. Qc2 Bd6 7. Bxd6 Qxd6 8. e3 Ne7 9. Bd3 b6 10. Nf3 Ba6 11. O-O Bxd3 12. Qxd3 O-O 13. Rab1 a5 14.
a3 Nd7 15. b4 axb4 16. axb4 b5 17. Nd2 Nb6 18. f3 Ra3 19. e4 Rfa8 20. e5 Qe6 21. Nb3 Nc4 22. Nc5 Qf5 23. Qxf5 Nxf5 24. Ne2 Nd2 0-1

[Event "*** Titled Tuesday 3|2 Blitz"]
[Site "Chess.com"]
[Date "2015.08.04"]
[Round "5"]
[White "CraiggoryC"]
[Black "Hafez_Bakr"]
[Result "1-0"]
[WhiteElo "2006"]
[BlackElo "1770"]
[TimeControl "180+2"]
[EndTime "12:30:27 PDT"]
[Termination "CraiggoryC won by resignation"]

1. e4 c5 2. Nf3 d6 3. d4 cxd4 4. Nxd4 Nf6 5. Nc3 a6 6. Be3 g6 7. f3 Bg7 8. Qd2 O-O 9. O-O-O Nc6 10. h4 Nxd4 11. Bxd4 h5 12. Bc4 Kh7 13. g4 b5 14.
Bb3 Rb8 15. Nd5 a5 16. Nxf6+ exf6 17. gxh5 gxh5 18. Rhg1 a4 19. Bd5 Be6 20. Rxg7+ Kxg7 21. Qg5+ Kh7 22. Bxf6 1-0

[Event "*** Titled Tuesday 3|2 Blitz"]
[Site "Chess.com"]
[Date "2015.08.04"]
[Round "5"]
[White "Mugzyyy"]
[Black "Cruel_Yaro"]
[Result "1-0"]
[WhiteElo "2596"]
[BlackElo "2502"]
[TimeControl "180+2"]
[EndTime "12:31:03 PDT"]
[Termination "Mugzyyy won by resignation"]

1. d4 Nf6 2. c4 c5 3. d5 e6 4.
Nc3 exd5 5. cxd5 d6 6. e4 g6 7.
f4 Bg7 8. Bb5+ Nfd7 9. Nf3 O-O 10. O-O a6 11. Bd3 b5 12. Kh1 Re8 13. f5 c4 14. Bc2 gxf5 15. exf5 Nf6 16. a3 Nbd7 17. Nd4 Bb7 18. Qf3 Ne5 19. Qg3 Kh8 20. Bg5 Qb6 21.
Qh4 Neg4 22. Ne6 fxe6 23. fxe6 Rxe6 24. Bxf6 1-0

[Event "*** Titled Tuesday 3|2 Blitz"]
[Site "Chess.com"]
[Date "2015.08.04"]
[Round "5"]
[White "ER404"]
[Black "silverback96"]
[Result "1-0"]
[WhiteElo "2049"]
[BlackElo "1879"]
[TimeControl "180+2"]
[EndTime "12:31:06 PDT"]
[Termination "ER404 won by checkmate"]

1. d4 Nf6 2. Bg5 Ne4 3. Bf4 d5 4. e3 c5 5. Bd3 cxd4 6. exd4 Nc6 7. c3 Bf5 8. Nf3 Nd6 9. O-O Bxd3 10. Qxd3 e6 11. Nbd2 Be7 12. Rfe1 Qb6 13. Bxd6 Bxd6 14. c4 dxc4 15. Nxc4 Qc7 16. d5 Nb4 17. Nxd6+ Qxd6 18. Qb5+ Ke7 19. dxe6 Nc2 20. Qxb7+ Kf6 21. Qxf7# 1-0

[Event "*** Titled Tuesday 3|2 Blitz"]
[Site "Chess.com"]
[Date "2015.08.04"]
[Round "5"]
[White "facu57"]
[Black "Hikaru"]
[Result "0-1"]
[WhiteElo "2411"]
[BlackElo "2855"]
[TimeControl "180+2"]
[EndTime "12:31:36 PDT"]
[Termination "Hikaru won by resignation"]

1. e4 g6 2. d4 Bg7 3. c3 d6 4.
Nf3 Nd7 5. Be2 Ngf6 6. Nbd2 e5 7. O-O O-O 8. a4 exd4 9. cxd4 Re8 10. Bd3 c5 11. Nc4 Nb6 12. Nxd6 Qxd6 13. e5 Qc7 14.
exf6 Bxf6 15. dxc5 Qxc5 16. Be3 Qh5 17. h3 Rd8 18.
Qe2 Nd5 19. Rfd1 Nxe3 20. Qxe3 Be6 21. Be4 Bxb2 22. Rxd8+ Rxd8 23. Rb1 Bf6 24. Bxb7 Qa5 25. Bc6 Qc7 26. Bb5 Bd5 27. Rd1 a5 28. Qd2 Bxf3 0-1

[Event "*** Titled Tuesday 3|2 Blitz"]
[Site "Chess.com"]
[Date "2015.08.04"]
[Round "5"]
[White "proxy6"]
[Black "Krutoy123"]
[Result "0-1"]
[WhiteElo "1915"]
[BlackElo "2118"]
[TimeControl "180+2"]
[EndTime "12:31:49 PDT"]
[Termination "Krutoy123 won by resignation"]

1. e4 g6 2. d4 Bg7 3. Nf3 d6 4. Nbd2 Nd7 5. Bd3 c5 6. c3 cxd4 7. cxd4 e6 8. O-O Ne7 9. Nb3 O-O 10.
Be3 d5 11. e5 a5 12. a4 b6 13. Qd2 Ba6 14. Bxa6 Rxa6 15. Rfc1 f6 16. exf6 Bxf6 17. Bh6 Re8 18. Bf4 Nf5 19. Bc7 Qa8 20. Re1 Ra7 21. Rac1 Rb7 22. Ng5 Nf8 23. Be5 Bxe5 24. Rxe5 Qd8 25. Rce1 Qd7 26. Qd3 h6 27. Nf3 Qxa4 28.
Rxd5 exd5 0-1